 Dungeon Crawl Stone Soup version 0.30-b1-2-g02819fbbbe (webtiles) character file.

Game seed: 10534934323398891760

254 Mesmaeker13 the Shooter (level 6, -8/49 HPs)
             Began as a Barachi Hunter on Aug 4, 2023.
             Was an Initiate of Okawaru.
             Mangled by a gnoll
             ... wielding a +2 flail of holy wrath
              (9 damage)
             ... on level 4 of the Dungeon.
             The game lasted 00:03:43 (3316 turns).

Mesmaeker13 the Shooter (Barachi Hunter)            Turns: 3316, Time: 00:03:44

Health: -8/49      AC:  3    Str: 12    XL:     6   Next: 14%
Magic:  6/6        EV: 13    Int:  9    God:    Okawaru [......]
Gold:   205        SH:  0    Dex: 18    Spells: 5/5 levels left

rFire   . . .        y - +3 mace
rCold   . . .        (no shield)
rNeg    . . .        c - +0 leather armour
rPois   +            (no helmet)
rElec   .            (no cloak)
rCorr   +            (no gloves)
SInv    .            (no boots)
Will    .....        (no amulet)
Stlth   ++           m - ring of the Mantidfly {*Slow rPois rCorr Stlth+}
HPRegen 0.28/turn    p - ring of flight
MPRegen 0.10/turn

%: slow self (1%)
@: silenced (expiring), flying, slow
A: amphibious, slowness 1, strong legs 1, +LOS
a: Hop, Renounce Religion


You were on level 4 of the Dungeon.
You worshipped Okawaru.
Okawaru was noncommittal.
You visited 1 branch of the dungeon, and saw 5 of its levels.
You also visited: Sewer.

You collected 277 gold pieces.
You spent 72 gold pieces at shops.

Inventory:

Hand Weapons
 a - a +0 shortbow
 y - a +3 mace (weapon)
Armour
 c - a +0 leather armour (worn)
Jewellery
 m - the ring of the Mantidfly (left hand) {*Slow rPois rCorr Stlth+}
   (You found it on level 2 of the Dungeon)

   [ring of poison resistance]

   rPois:     It protects you from poison.
   rCorr:     It protects you from acid and corrosion.
   *Slow:     It may slow you when you take damage.
   Stlth:     It makes you more stealthy.
 p - a ring of flight (right hand)
 A - an amulet of magic regeneration
 B - an amulet of reflection
Scrolls
 b - a scroll of immolation
 d - 4 scrolls of teleportation
 e - a scroll of fear {unknown}
 f - 2 scrolls of identify {unknown}
 g - 2 scrolls of torment {unknown}
 h - 2 scrolls of enchant armour {unknown}
 j - a scroll of poison {unknown}
 l - a scroll of magic mapping {unknown}
 z - 2 scrolls of vulnerability
 C - a scroll of blinking {unknown}
Potions
 i - a potion of flight {unknown}
 k - 2 potions of curing
 n - a potion of lignification {unknown}
 o - 2 potions of ambrosia
 r - a potion of heal wounds {unknown}
 s - a potion of invisibility {unknown}
 t - 2 potions of haste {unknown}
 u - a potion of might {unknown}
 v - a potion of mutation {unknown}
 w - a potion of cancellation {unknown}
 x - a potion of resistance {unknown}


   Skills:
 + Level 4.7 Fighting
 + Level 5.3 Ranged Weapons
 + Level 4.2 Dodging
 - Level 0.8 Stealth


You had 5 spell levels left.
You didn't know any spells.
Your spell library was empty.

Dungeon Overview and Level Annotations

Branches:
Dungeon (5/15)              Sewer (visited)
 Temple: D:4-7

Altars:
Okawaru

Shops:
D:3 *


Innate Abilities, Weirdness & Mutations

You are amphibious.
You cover ground slowly.
You can hop short distances.
You have an extended range of vision and can be seen from far away.


Message History

Unknown command.
Okay, then.
Okay, then.
Unknown command.
You bump into the rock wall.
You are ready to hop once more.
The gnoll completely misses you.
You feel better.
You feel less invigorated. The gnoll closely misses you.
The gnoll hits you with a +2 flail of holy wrath.
As you read the scroll labelled DAKHOE ZOGYD, it crumbles to dust.
A profound silence engulfs you.
It was a scroll of silence.
The gnoll hits you with a +2 flail of holy wrath!
Magic scrolls do not work when you're silenced!
Unknown command.
The gnoll attacks as you move away! The gnoll barely misses you. x2
The gnoll closely misses you.
You feel yourself speed up. The gnoll misses you. The gnoll closely misses you.
The gnoll attacks as you move away!
The gnoll hits you with a +2 flail of holy wrath!
* * * LOW HITPOINT WARNING * * *
The gnoll attacks as you move away! The gnoll barely misses you.
The gnoll attacks as you move away!
The gnoll hits you with a +2 flail of holy wrath.
* * * LOW HITPOINT WARNING * * *
There is a stone staircase leading up here.
The gnoll closely misses you.
You fly upwards.
There is a stone staircase leading down here.
y - a +3 mace (weapon)
The gnoll barely misses you.
You hit the gnoll.
The gnoll is moderately wounded.
The gnoll hits you with a +2 flail of holy wrath!
* * * LOW HITPOINT WARNING * * *
You barely miss the gnoll.
The gnoll is moderately wounded.
The gnoll hits you with a +2 flail of holy wrath!
You die...

## ###### ##. ####
##....# ##..
##..#### ###.....#
#...
#......####...#...#
#...
##.......##g..##...#
#...
#........#@..###...#
#... ##..........)##
#...# #...
#...........## ##.##
#... ##.........##
### #... #........##
#... #.......## #...
#..<..### ##...
#....## #### #..#.
#...## ###..####..##


You could see a gnoll.

Vanquished Creatures
  4 jellies
  2 adders
  An ufetubus (D:4)
  2 worms
  2 dart slugs (D:1)
  An orc (D:3)
  8 ball pythons
  22 endoplasms
  5 giant cockroaches
  4 goblins
  8 hobgoblins
  4 jackals (D:1)
  4 kobolds
  7 quokkas
  2 bats
  6 frilled lizards
  11 rats
93 creatures vanquished.

Notes
Turn   | Place    | Note
-------+----------+-------------------------------------------
     0 | D:1      | Mesmaeker13 the Barachi Hunter began the quest for the Orb.
     0 | D:1      | Reached XP level 1. HP: 17/17 MP: 1/1
   196 | D:1      | Reached XP level 2. HP: 23/23 MP: 2/2
   861 | D:2      | Reached XP level 3. HP: 29/29 MP: 3/3
  1213 | D:2      | Identified the ring of the Mantidfly {*Slow rPois rCorr
                  | Stlth+}
  1707 | D:3      | Reached XP level 4. HP: 32/35 MP: 4/4
  1798 | D:3      | Found Atepiof's General Store.
  1807 | D:3      | Bought a potion of curing for 36 gold pieces
  1807 | D:3      | Bought a scroll of teleportation for 36 gold pieces
  1812 | D:3      | Found a glowing drain.
  1838 | Sewer    | Entered a sewer
  1971 | Sewer    | Reached XP level 5. HP: 42/42 MP: 5/5
  1971 | Sewer    | Found a viscous altar of Jiyva.
  1988 | Sewer    | Reached skill level 5 in Ranged Weapons
  2635 | D:4      | Found an iron altar of Okawaru.
  2668 | D:4      | Became a worshipper of Warmaster Okawaru
  2747 | D:4      | Reached XP level 6. HP: 43/49 MP: 6/6
  3247 | D:5      | Entered Level 5 of the Dungeon
  3292 | D:5      | HP: 2/49 [gnoll/+2 flail of holy wrath (11)]
  3315 | D:4      | HP: 1/49 [gnoll/+2 flail of holy wrath (8)]
  3316 | D:4      | Mangled by a gnoll

Illustrated notes

Levels and vault maps discovered:
D:1:      dpeg_arrival_connections, layout_loops_ring, dk_noncrumbling_3
D:2:      layout_loops_corners
D:3:      layout_basic, portal_sewer_entry_f, serial_shops, shop, minivault_11
D:4:      nicolae_cairo_tiling_large, layout_cave_pods, okawaru_gym_becter
D:5:      layout_basic, tgw_kikubaaqudgha, nicolae_overflow_crystal_walls,
          hangedman_abyss_or_decor_stagger, uniq_pikel, uniq_eustachio,
          uniq_crazy_yiuf_cottage

Skill      XL: |  1  2  3  4  5 |
---------------+----------------+-----
Fighting       | 3 4 |  4.7
Dodging        | 3 4 |  4.2
Ranged Weapons | 5 |  5.3
Stealth        | |  0.8

Action                     |  1- 3 |  4- 6 || total
---------------------------+-------+-------++-------
  Melee: Mace              |       |     2 ||     2
   Fire: Shortbow          |   102 |   152 ||   254
Ability: Hop               |       |     1 ||     1
    Use: Potion            |       |     3 ||     3
         Scroll            |       |     2 ||     2
 Armour: Leather armour    |    13 |     5 ||    18
  Dodge: Dodged            |    32 |    34 ||    66
